[Event "*** Titled Tuesday Blitz"]
[Site "Chess.com"]
[Date "2020.10.20"]
[Round "7"]
[White "German_Bazeev"]
[Black "DenishevM"]
[Result "1-0"]
[WhiteElo "2716"]
[BlackElo "2557"]
[TimeControl "180+1"]
[EndTime "11:20:00 PDT"]
[Termination "German_Bazeev won on time"]

1. d4 Nf6 2. Nf3 c5 3. d5 g6 4. c4 Bg7 5. Nc3 O-O 6. e4 d6 7. h3 b5 8. Bd3 bxc4 9. Bc2 Nbd7 10. O-O Re8 11. Re1 Nb6 12. Bf4 Bb7 13. Qd2 a5 14. Rad1 Qd7 15. Qc1 Rad8 16. Bh2 Qc8 17. Qg5 Qa8 18.
Qh4 h6 19. Qf4 e6 20. Nb5 e5 21. Qc1 Qc8 22. Nc3 Nh5 23. g4 Nf4 24. Bxf4 exf4 25. Qxf4 Nd7 26. Ba4 Ne5 27. Bxe8 Rxe8 28. Nxe5 Bxe5 29.
Qe3 Qd8 30. f4 Bg7 31. Qf2 Bc8 32. e5 dxe5 33. d6 Bd7 34. Qxc5 exf4 35. Rxe8+ Qxe8 36. Qf2 g5 37. Nd5 h5 38. gxh5 Bxh3 39. h6 Be5 40.
Re1 1-0

[Event "*** Titled Tuesday Blitz"]
[Site "Chess.com"]
[Date "2020.10.20"]
[Round "7"]
[White "Barmen_EV"]
[Black "xamax2000"]
[Result "0-1"]
[WhiteElo "2523"]
[BlackElo "2676"]
[TimeControl "180+1"]
[EndTime "11:20:01 PDT"]
[Termination "xamax2000 won by checkmate"]

1. d4 Nf6 2. c4 g6 3. Nc3 Bg7 4.
e4 d6 5. f4 O-O 6. Nf3 c5 7.
d5 e6 8. Be2 exd5 9. cxd5 b5 10.
e5 Nfd7 11. exd6 c4 12. Nxb5 Qa5+ 13. Nc3 Nb6 14. O-O Bb7 15. Bd2 N8d7 16. Kh1 Rfe8 17.
a4 Qc5 18. Nb5 Nxd5 19. Rc1 N7b6 20. b3 c3 21. Ne5 f6 22. Nd3 Qc6 23. Bf3 f5 24. Nc7 Qxd6 25. Nxe8 Rxe8 26. Be1 Ne3 27. Qe2 Ba6 28. Bxc3 Bxd3 29. Qd2 Nxf1 30. Rxf1 Bxc3 31. Qxc3 Bxf1 32. a5 Nd5 33. Qc4 Bxc4 34. bxc4 Nxf4 35. a6 Qd2 36. Bd1 Qe1# 0-1

[Event "*** Titled Tuesday Blitz"]
[Site "Chess.com"]
[Date "2020.10.20"]
[Round "7"]
[White "ExtremeLearner"]
[Black "TheMagnet"]
[Result "1/2-1/2"]
[WhiteElo "2387"]
[BlackElo "2582"]
[TimeControl "180+1"]
[EndTime "11:20:02 PDT"]
[Termination "Game drawn by repetition"]

1. d4 Nf6 2. Nf3 g6 3. g3 Bg7 4.
Bg2 O-O 5. O-O d6 6. b3 c5 7. Bb2 Nc6 8. dxc5 dxc5 9. Qxd8 Rxd8 10. c4 Ne4 11. Bxg7 Kxg7 12. Na3 Bg4 13. Rfd1 Nc3 14.
Re1 Rac8 15. Nb5 Nxb5 16. cxb5 Nb4 17. Rec1 Bxf3 18. Bxf3 b6 19. a3 Nd5 20. Bxd5 Rxd5 21.
a4 Rd2 22. Kf1 Rcd8 23. a5 Rb2 24. Rc3 Rd6 25. Re3 e6 26. h4 f5 27. axb6 axb6 28. Ra7+ Kf6 29. Rxh7 Rd1+ 30. Kg2 Rdd2 31. Rb7 Rxe2 32.
Rxe2 Rxe2 33. Rxb6 Rb2 34. Rc6 Rxb3 35. Rxc5 e5 36.
Rc6+ Kf7 37. b6 e4 38. Kf1 Rb2 39. h5 gxh5 40. Rh6 Kg7 41. Rd6 Kf7 42. Ke1 Kg7 43. Rc6 Kf7 44. Kf1 Kg7 45. Rd6 Kf7 46. Rc6 Kg7 47.
Rd6 1/2-1/2

[Event "*** Titled Tuesday Blitz"]
[Site "Chess.com"]
[Date "2020.10.20"]
[Round "7"]
[White "PhileKhoob"]
[Black "AttackSparrow"]
[Result "1-0"]
[WhiteElo "2540"]
[BlackElo "2388"]
[TimeControl "180+1"]
[EndTime "11:20:02 PDT"]
[Termination "PhileKhoob won on time"]

1. Nf3 Nf6 2. g3 g6 3. Bg2 Bg7 4. O-O O-O 5. d4 d6 6. c4 c6 7. b3 Qa5 8. Bb2 Qh5 9. Nbd2 Bh3 10. e4 Ng4 11. Nh4 Bxg2 12. Kxg2 Nd7 13. Qe2 e5 14. d5 cxd5 15. cxd5 f5 16. h3 Ngf6 17. Qxh5 Nxh5 18. Rac1 Nc5 19. exf5 gxf5 20. Ba3 b6 21. b4 Nd3 22. Rc6 Rac8 23. b5 Nc5 24. Nc4 f4 25. Nxd6 Rcd8 26. Bxc5 bxc5 27. Nhf5 e4 28. g4 f3+ 29. Kh2 Be5+ 30. Kg1 Nf4 31.
Rd1 Nxh3+ 32. Kf1 Ng5 33. Nxe4 Nxe4 34. Re6 Ng5 35. Rxe5 Nf7 36. Re7 Rfe8 37. Rxa7 c4 38. Rc7 1-0

[Event "*** Titled Tuesday Blitz"]
[Site "Chess.com"]
[Date "2020.10.20"]
[Round "7"]
[White "MoreChessJulia"]
[Black "Roza_Idrisova"]
[Result "0-1"]
[WhiteElo "1985"]
[BlackElo "2170"]
[TimeControl "180+1"]
[EndTime "11:20:02 PDT"]
[Termination "Roza_Idrisova won on time"]

1. d4 d5 2. Bg5 c6 3. f4 h6 4.
Bh4 Qb6 5. b3 Bf5 6. c3 e6 7.
Nd2 a5 8. Ngf3 Nd7 9. Ne5 f6 10. Nxd7 Kxd7 11. e3 Bd6 12. c4 Ba3 13. g4 Bh7 14. f5 exf5 15. Bh3 Ne7 16. O-O Rae8 17. Qf3 fxg4 18. Bxg4+ Kd8 19. Rad1 Qc7 20. e4 Bd6 21. exd5 cxd5 22. Bg3 Bxg3 23. hxg3 Qd6 24. Rfe1 Nc6 25. cxd5 Nxd4 26. Qf2 Rxe1+ 27. Qxe1 Bg6 28. Nc4 Qc5 29. Qf2 h5 30. Bh3 Nf3+ 31. Kg2 Qxf2+ 32. Kxf2 Ne5 33. Nxa5 Kc7 34. d6+ Kb6 35. Nc4+ Nxc4 36. bxc4 Rd8 37. d7 f5 0-1

[Event "*** Titled Tuesday Blitz"]
[Site "Chess.com"]
[Date "2020.10.20"]
[Round "7"]
[White "natelleka"]
[Black "MasterSonnevanck23"]
[Result "1-0"]
[WhiteElo "2208"]
[BlackElo "2334"]
[TimeControl "180+1"]
[EndTime "11:20:03 PDT"]
[Termination "natelleka won on time"]

1. e4 d6 2. d4 Nf6 3. Nc3 g6 4. Bg5 Bg7 5. Qd2 O-O 6. O-O-O c6 7. f4 b5 8. Bd3 b4 9. Nce2 a5 10. Nf3 d5 11. Ng3 dxe4 12. Nxe4 Nd5 13. Rhe1 a4 14.
Kb1 Qb6 15. Bc4 Be6 16. Bxd5 Bxd5 17. Bxe7 b3 18. Bxf8 Kxf8 19. Nc5 bxa2+ 20. Ka1 a3 21. c3 axb2+ 22. Qxb2 Qc7 23. Qb4 Kg8 24. Re8+ Bf8 25. Rxf8+ Kg7 26. Re8 Qxf4 27. Qb2 Qf5 28. Rde1 Nd7 29.
Rxa8 Nxc5 30. dxc5 Bc4 31. Rxa2 Bxa2 32. Kxa2 Qd3 33.
Qe2 Qd5+ 34. c4 Qxc5 35. Qe5+ Qxe5 36. Nxe5 1-0

[Event "*** Titled Tuesday Blitz"]
[Site "Chess.com"]
[Date "2020.10.20"]
[Round "7"]
[White "Zmeeed63"]
[Black "Mbneu"]
[Result "1-0"]
[WhiteElo "2359"]
[BlackElo "2224"]
[TimeControl "180+1"]
[EndTime "11:20:05 PDT"]
[Termination "Zmeeed63 won by resignation"]

1. d4 Nf6 2. c4 c5 3. d5 e6 4. Nf3 exd5 5. cxd5 d6 6. Nc3 g6 7.
Bf4 Bg7 8. Qa4+ Bd7 9. Qb3 b5 10.
Nxb5 Bxb5 11. Qxb5+ Nbd7 12. Bxd6 Ne4 13. Bf4 O-O 14.
g3 Qf6 15. Bh3 Qxb2 16. Qxb2 Bxb2 17. Rb1 Bc3+ 18. Kf1 Nb6 19. Rd1 Rad8 20. d6 f5 21.
Ng5 Nxg5 22. Bxg5 Bf6 23. Bf4 Kf7 24. Bg2 g5 25. Be3 c4 26. Bxb6 axb6 27. Bd5+ Kg6 28. Bxc4 Rc8 29. Be6 Rc6 30. Bd5 Rc5 31. Bb3 Rd8 32.
h4 gxh4 33. gxh4 Rc6 34. h5+ Kh6 35. d7 Rc7 36. Be6 f4 37. Rh3 Rc6 38. Bf5 Be5 39. Rd5 Bc7 40. Rhd3 Rc1+ 41. Kg2 Rg8+ 42. Kf3 Rh1 43.
d8=Q Bxd8 44. Rxd8 1-0

[Event "*** Titled Tuesday Blitz"]
[Site "Chess.com"]
[Date "2020.10.20"]
[Round "7"]
[White "Maghalashvili"]
[Black "Fh2411"]
[Result "1/2-1/2"]
[WhiteElo "2671"]
[BlackElo "2519"]
[TimeControl "180+1"]
[EndTime "11:20:06 PDT"]
[Termination "Game drawn by repetition"]

1. Nf3 d5 2. g3 c6 3. Bg2 Nf6 4. O-O Bf5 5. c4 e6 6. d3 Nbd7 7. cxd5 exd5 8. Nc3 Bb4 9. Qb3 Qb6 10. a3 Bc5 11. Qc2 Ng4 12. e3 O-O 13. b4 Be7 14. e4 dxe4 15. dxe4 Bg6 16. h3 Nge5 17. Be3 Qa6 18. Nd4 Nc4 19. Bf4 Bf6 20. Rfd1 b5 21.
a4 Qb6 22. Nb3 Rfd8 23. axb5 cxb5 24. Nd5 Qe6 25. Nc7 Qe7 26. Nxa8 Bxa1 27. Rxa1 Rxa8 28. Nd4 Qxb4 29. Qa2 a6 30. e5 Re8 31. Qxa6 Ncxe5 32. Qxb5 Qxd4 33. Ra4 Qd1+ 34. Kh2 h6 35. Ra7 Rb8 36. Qd5 Qxd5 37. Bxd5 Rb2 38. Kg2 Kh7 39. g4 f6 40.
h4 h5 41. g5 Nd3 42. Be3 N3e5 43. Bf4 Re2 44. Bb3 Rb2 45. Bd5 1/2-1/2

[Event "*** Titled Tuesday Blitz"]
[Site "Chess.com"]
[Date "2020.10.20"]
[Round "7"]
[White "BanjoKazooieN64"]
[Black "chenxiaoyuer"]
[Result "1-0"]
[WhiteElo "2393"]
[BlackElo "2510"]
[TimeControl "180+1"]
[EndTime "11:20:06 PDT"]
[Termination "BanjoKazooieN64 won by resignation"]

1. e4 c5 2. Nc3 d6 3. Nf3 Nf6 4. d4 cxd4 5. Nxd4 Nc6 6. f4 g6 7. Nxc6 bxc6 8. e5 dxe5 9. Qxd8+ Kxd8 10. fxe5 Ng4 11. Bf4 Bg7 12. O-O-O+ Ke8 13. Re1 h5 14. Bc4 h4 15. Rhf1 h3 16. gxh3 Rxh3 17. Bg3 Be6 18.
Bxe6 fxe6 19. Re2 Rd8 20. b3 Rd4 21. Ne4 Rh5 22. Nc5 Bxe5 23. Nxe6 Rd5 24. c4 Ra5 25. Rd2 Rf5 26. Re1 Bxg3 27. hxg3 Rae5 28. Rde2 Rxe2 29.
Rxe2 Re5 30. Rxe5 Nxe5 31. Kd2 Kd7 32. Nc5+ Kd6 33. Ne4+ Ke6 34. Ke3 Kf5 35. Nf2 Ng4+ 36. Nxg4 Kxg4 37. b4 Kxg3 38. b5 cxb5 39. c5 g5 40. c6 Kh2 41. c7 g4 42. c8=Q g3 43. Qg4 g2 44. Kf2 1-0

[Event "*** Titled Tuesday Blitz"]
[Site "Chess.com"]
[Date "2020.10.20"]
[Round "7"]
[White "Das_Virus_2020"]
[Black "MarceloPlaya"]
[Result "1-0"]
[WhiteElo "2429"]
[BlackElo "2290"]
[TimeControl "180+1"]
[EndTime "11:20:06 PDT"]
[Termination "Das_Virus_2020 won on time"]

1. e4 e6 2. Qe2 d5 3. exd5 Qxd5 4. Nc3 Qa5 5. g3 Nf6 6. Bg2 Be7 7. Nf3 O-O 8. O-O Nc6 9. a3 Qh5 10. d4 Rd8 11. Rd1 Nd5 12. Ne4 Bd7 13. c4 Nf6 14. Nc3 Na5 15. Bf4 Bd6 16. Bg5 Bc6 17. b4 Bxf3 18.
Bxf3 Qxg5 19. bxa5 Qxa5 20. Qe3 c6 21. Rdb1 Qc7 22.
Rb3 Rab8 23. Rab1 Nd7 24. Ne4 Be7 25. h4 b6 26. Bg2 c5 27. d5 exd5 28. cxd5 Bd6 29.
Rd1 Re8 30. Qc1 Re7 31. Re3 Rbe8 32. Rde1 Nf8 33. Qd1 f6 34. Bh3 Ng6 35. Nxd6 Qxd6 36. Rxe7 Rxe7 37. Rxe7 Nxe7 38. Be6+ Kf8 39. Qh5 1-0

[Event "*** Titled Tuesday Blitz"]
[Site "Chess.com"]
[Date "2020.10.20"]
[Round "7"]
[White "alejanchess73"]
[Black "Belka1989"]
[Result "0-1"]
[WhiteElo "2415"]
[BlackElo "2308"]
[TimeControl "180+1"]
[EndTime "11:20:07 PDT"]
[Termination "Belka1989 won by checkmate"]

1. e4 c5 2. Nf3 d6 3. d4 cxd4 4. Nxd4 Nf6 5. Nc3 a6 6. h3 e5 7. Nde2 h5 8. g3 Be6 9. Bg2 Be7 10. Bg5 Nbd7 11. O-O Rc8 12. f4 Bc4 13. f5 Bxe2 14. Qxe2 Qb6+ 15. Kh1 Qxb2 16. Na4 Qxc2 17. Qxc2 Rxc2 18.
Rac1 Rxc1 19. Rxc1 Nc5 20. Bxf6 gxf6 21. Nc3 h4 22. g4 Kd7 23. Nd5 Rb8 24. Nb6+ Kc6 25. Nd5 Bd8 26. Bf1 Kd7 27. Bg2 b5 28. Kg1 b4 29.
Rc4 b3 30. axb3 Rxb3 31. Bf1 a5 32. Rc2 Nxe4 33. Bc4 Rb1+ 34. Kg2 Nc5 35. Nc3 Rb4 36. Bxf7 a4 37. Nd5 Rb3 38. Nxf6+ Bxf6 39. Bxb3 axb3 40. Rf2 Nd3 41. Rf1 b2 42. Kf3 Nc1 43. g5 Bxg5 44. Kg4 Bf6 45. Kh5 b1=Q 46. Kg6 Be7 47. Kf7 Qb3+ 48.
Kg7 Qg3+ 49. Kh8 Bf6+ 50. Kh7 Qg7# 0-1

[Event "*** Titled Tuesday Blitz"]
[Site "Chess.com"]
[Date "2020.10.20"]
[Round "7"]
[White "Azerichess"]
[Black "Shield12"]
[Result "1-0"]
[WhiteElo "2972"]
[BlackElo "2819"]
[TimeControl "180+1"]
[EndTime "11:20:08 PDT"]
[Termination "Azerichess won by resignation"]

1. d4 Nf6 2. c4 e6 3. Nc3 Bb4 4. Qc2 O-O 5. a3 Bxc3+ 6. Qxc3 b6 7. Bg5 c5 8. e3 Bb7 9. dxc5 bxc5 10. f3 h6 11. Bh4 Nc6 12. Bd3 d6 13. Ne2 Ne5 14.
O-O a5 15. Rad1 Qe7 16. Bb1 Rfd8 17. f4 Ng6 18. Bxf6 gxf6 19. f5 Ne5 20. Nf4 d5 21. fxe6 fxe6 22. cxd5 exd5 23. Nh5 Ra6 24. Bf5 Kh8 25.
Qc1 Rg8 26. e4 Rg5 27. Ng3 d4 28. Qf4 Rb6 29. h4 Rxg3 30. Qxg3 Qg7 31. Qf2 Rb3 32.
Kh1 Ba6 33. Be6 Bxf1 34. Bxb3 Bd3 35. Bd5 Bb5 36. Qf4 Be2 37. Rd2 d3 38. b3 a4 39. Rb2 Qe7 40. Qxh6+ 1-0

[Event "*** Titled Tuesday Blitz"]
[Site "Chess.com"]
[Date "2020.10.20"]
[Round "7"]
[White "IwkooO"]
[Black "zverr1"]
[Result "1-0"]
[WhiteElo "2625"]
[BlackElo "2418"]
[TimeControl "180+1"]
[EndTime "11:20:08 PDT"]
[Termination "IwkooO won by resignation"]

1. e4 e6 2. d4 d5 3. Nd2 c5 4. exd5 exd5 5. Ngf3 Nc6 6. Bb5 Qe7+ 7.
Qe2 Qxe2+ 8. Kxe2 cxd4 9. Nxd4 Bd7 10. N2f3 Bc5 11. Be3 Nxd4+ 12. Nxd4 Nf6 13. Rhd1 O-O-O 14. Bxd7+ Rxd7 15. Kf1 Re8 16. c3 Ng4 17. Bf4 Re4 18. Bg3 Bxd4 19. cxd4 Re6 20. Rac1+ Kd8 21. Rc3 Nf6 22.
Rdc1 Ne4 23. Rc8+ Ke7 24. Bf4 Nd6 25. Rg8 Nf5 26. Be5 Rc6 27. Rxc6 bxc6 28. g4 f6 29. gxf5 fxe5 30. Rxg7+ Ke8 31. Rxd7 Kxd7 32. dxe5 c5 33. Ke2 a5 34. Kd3 a4 35. b3 axb3 36. axb3 Ke7 37. f4 Kf7 38. Kc3 Ke7 39. f6+ Ke6 40. f5+ Kf7 41. b4 d4+ 42. Kc4 h5 43. bxc5 d3 44. Kxd3 1-0

[Event "*** Titled Tuesday Blitz"]
[Site "Chess.com"]
[Date "2020.10.20"]
[Round "7"]
[White "C_K_G"]
[Black "ikhasu"]
[Result "1-0"]
[WhiteElo "2132"]
[BlackElo "2413"]
[TimeControl "180+1"]
[EndTime "11:20:08 PDT"]
[Termination "C_K_G won on time"]

1. e4 c5 2. Nf3 Nc6 3. c3 d5 4.
exd5 Qxd5 5. d4 Bg4 6. Be2 e6 7.
h3 Bh5 8. O-O Nf6 9. Be3 cxd4 10. Nxd4 Bxe2 11. Qxe2 Be7 12. Nd2 O-O 13. N2f3 Rfd8 14.
Rfd1 Nxd4 15. Bxd4 Qa5 16. a4 h6 17. b4 Qh5 18. b5 a6 19. Qe5 Qg6 20. Qc7 Rd7 21.
Qc4 Nd5 22. Ne5 Qg5 23. Nxd7 Nf4 24. g3 Nxh3+ 25. Kg2 Nf4+ 26. Kf1 Nd5 27. Qe2 Qf5 28. Ne5 Bd6 29. Qg4 Qc2 30. Nd3 g6 31. Qh4 Kh7 32.
Rac1 Qa2 33. c4 Be7 34. Qe4 1-0

[Event "*** Titled Tuesday Blitz"]
[Site "Chess.com"]
[Date "2020.10.20"]
[Round "7"]
[White "Berardino"]
[Black "Sharpchess22"]
[Result "0-1"]
[WhiteElo "2584"]
[BlackElo "2766"]
[TimeControl "180+1"]
[EndTime "11:20:09 PDT"]
[Termination "Sharpchess22 won by checkmate"]

1. e4 d6 2. d4 g6 3. c4 Bg7 4. Nc3 e5 5. Nge2 Nc6 6. Be3 Nf6 7. d5 Ne7 8. f3 O-O 9. g4 c6 10. Ng3 cxd5 11. cxd5 Bd7 12. Qd2 a6 13. h4 b5 14.
h5 b4 15. Nd1 Bxg4 16. fxg4 Nxg4 17. hxg6 hxg6 18. Bh3 Nxe3 19. Nxe3 Qb6 20. O-O-O Bh6 21. Rde1 Bf4 22. Rhg1 Qd4 23. Qf2 Rfc8+ 24. Bxc8 Rxc8+ 25. Kb1 b3 26. axb3 Qd3+ 27. Ka2 Rc5 28. Nc4 Rb5 29.
Nf5 Qxb3+ 30. Kb1 Nxf5 31. exf5 Qxc4 32. fxg6 f5 33. Qc2 Qxc2+ 34. Kxc2 Kg7 35. Ra1 a5 36.
Ra3 Rxd5 37. Rc3 Rc5 38. Rxc5 dxc5 39. b3 Be3 40. Rg2 e4 41. Kd1 Bd4 42. Ra2 Kxg6 43. Rxa5 f4 44. Ra8 f3 45. Rf8 Kg5 46. Ke1 Kg4 47.
Kf1 e3 48. Rg8+ Kf4 49. Rf8+ Ke4 50. Re8+ Kd3 51. Rd8 e2+ 52. Ke1 f2# 0-1

[Event "*** Titled Tuesday Blitz"]
[Site "Chess.com"]
[Date "2020.10.20"]
[Round "7"]
[White "ShapkinAnatoliy"]
[Black "ChainsOfFantasia"]
[Result "0-1"]
[WhiteElo "2639"]
[BlackElo "2506"]
[TimeControl "180+1"]
[EndTime "11:20:09 PDT"]
[Termination "ChainsOfFantasia won by resignation"]

1. d4 Nf6 2. c4 e6 3. g3 d5 4. Nf3 Be7 5. Bg2 O-O 6. O-O dxc4 7. Qc2 a6 8. a4 c5 9. dxc5 Bxc5 10. Qxc4 b6 11. Ne5 Ra7 12. Nc3 Bb7 13. Bg5 Qc7 14. Bxf6 gxf6 15. Qg4+ Kh8 16. Nd3 Bxg2 17. Kxg2 f5 18. Qh4 Be7 19. Qd4+ Kg8 20. Rac1 Rd8 21.
Nd5 Qb7 22. Qxb6 Rxd5 23. Qxb7 Rxb7 24. Rc8+ Kg7 25. Rfc1 Nd7 26. Ra8 a5 27. Rcc8 Nf6 28. Ra6 Bb4 29. Raa8 e5 30. h3 Bd6 31. Rc6 e4 32.
Nc1 Rxb2 33. Raa6 Be5 34. g4 fxg4 35. hxg4 Nxg4 36. Rab6 Rxb6 37. Rxb6 Nxf2 38. Nb3 Ng4 39.
Ra6 Ne3+ 40. Kf2 Nc4 41. Kg2 h5 42. Rc6 Nd2 43. Ra6 Nxb3 0-1

[Event "*** Titled Tuesday Blitz"]
[Site "Chess.com"]
[Date "2020.10.20"]
[Round "7"]
[White "Gogolev_Artemy"]
[Black "Zhigalko_Sergei"]
[Result "0-1"]
[WhiteElo "2535"]
[BlackElo "2926"]
[TimeControl "180+1"]
[EndTime "11:20:10 PDT"]
[Termination "Zhigalko_Sergei won by resignation"]

1. c4 e5 2. Nf3 Nc6 3. d4 exd4 4. Nxd4 Nf6 5. Nxc6 bxc6 6. g3 g6 7. Bg2 Bg7 8. Nc3 O-O 9. O-O Re8 10. Qd2 Ba6 11.
b3 d5 12. Bb2 Qe7 13. cxd5 Rad8 14. Rfd1 cxd5 15. e3 c5 16. Nxd5 Nxd5 17. Bxg7 Nf4 18. Qb2 Nxg2 19. Rxd8 Qxd8 20. Bh8 f6 21. Bxf6 Qd7 22. Kxg2 Bb7+ 23. f3 Rxe3 24. Rf1 Rd3 25. Qe5 Rd5 26. Qb8+ Kf7 27. Qh8 Rd2+ 28. Kg1 Re2 29.
Qg7+ Ke6 30. Qg8+ Kxf6 31. Qc4 Re5 32. Qf4+ Rf5 33. Qh4+ Kg7 34. Re1 Qd4+ 35. Qxd4+ cxd4 36. Re7+ Rf7 0-1

[Event "*** Titled Tuesday Blitz"]
[Site "Chess.com"]
[Date "2020.10.20"]
[Round "7"]
[White "vinniethepooh"]
[Black "Euwe1234"]
[Result "0-1"]
[WhiteElo "2553"]
[BlackElo "2373"]
[TimeControl "180+1"]
[EndTime "11:20:10 PDT"]
[Termination "Euwe1234 won by resignation"]

1. d4 d5 2. c4 c6 3. Nc3 Nf6 4. cxd5 cxd5 5. f3 Nc6 6. e4 e6 7. e5 Nd7 8. f4 Be7 9. Nf3 a6 10.
Bd3 g6 11. Be3 b5 12. O-O Nb6 13. b3 b4 14. Ne2 Bb7 15. Rc1 O-O 16. Qe1 a5 17. h4 Qe8 18. h5 Ba6 19. Bxa6 Rxa6 20.
h6 a4 21. Qg3 Kh8 22. Ng5 axb3 23. axb3 Ra2 24. Qg4 Bxg5 25. Qxg5 f6 26. exf6 Rxe2 27.
Rxc6 Qxc6 28. f7 Nd7 29. Rc1 Rc2 30. Rxc2 Qxc2 31. Qe7 Qe4 32. Bf2 Qxf4 33. Qxd7 Qxf7 34. Qd6 Qxf2+ 35. Kh1 Qf1+ 36. Kh2 Qf4+ 37. Kh1 Qxd6 0-1

[Event "*** Titled Tuesday Blitz"]
[Site "Chess.com"]
[Date "2020.10.20"]
[Round "7"]
[White "beto-betun"]
[Black "Pikachess999"]
[Result "1-0"]
[WhiteElo "2204"]
[BlackElo "2334"]
[TimeControl "180+1"]
[EndTime "11:20:10 PDT"]
[Termination "beto-betun won on time"]

1. d4 d5 2. Nf3 Nf6 3. g3 c5 4.
Bg2 cxd4 5. Nxd4 e5 6. Nb3 Nc6 7. O-O Be7 8. c4 d4 9. Bg5 O-O 10. N1d2 h6 11. Bxf6 Bxf6 12. Ne4 Be7 13. c5 f5 14. Nd6 Bxd6 15. cxd6 Qxd6 16. Nd2 Be6 17. b3 e4 18. Rc1 Rfd8 19. Nc4 Bxc4 20. Rxc4 Ne5 21. Rc2 Rac8 22. Rxc8 Rxc8 23. Qd2 Nc6 24. Rd1 Rd8 25. Bh3 g6 26. Qxh6 Qf6 27. Qf4 Qe5 28.
Qh6 Kf7 29. Qg5 d3 30. exd3 Rxd3 31. Rc1 Qb2 32. Rc5 Qd4 33. Bxf5 gxf5 34. Rxf5+ Ke6 35.
Qg6+ Kd7 36. h4 Ne7 37. Rf7 Qe5 38. Qg4+ Qe6 39. Qxe6+ Kxe6 40. Rf4 Ke5 41. Rf7 Ke6 42. Rf4 Rd1+ 43. Kg2 Re1 44. h5 e3 45. fxe3 Rxe3 46. h6 Ng6 47. h7 Nxf4+ 48. gxf4 Re2+ 49. Kg3 Re3+ 50. Kg4 1-0

[Event "*** Titled Tuesday Blitz"]
[Site "Chess.com"]
[Date "2020.10.20"]
[Round "7"]
[White "Swarnapuri"]
[Black "TigrVShlyape"]
[Result "0-1"]
[WhiteElo "2623"]
[BlackElo "2862"]
[TimeControl "180+1"]
[EndTime "11:20:11 PDT"]
[Termination "TigrVShlyape won by resignation"]

1. d4 Nf6 2. Bf4 g6 3. e3 Bg7 4. Nf3 d6 5. Be2 O-O 6. h3 b6 7. O-O Bb7 8. a4 a6 9. Nbd2 Nbd7 10. Bh2 Ne4 11. Nxe4 Bxe4 12. Bd3 Bxd3 13. Qxd3 c5 14.
c3 Qc8 15. e4 Qc6 16. Bf4 b5 17. axb5 axb5 18. Bg5 c4 19. Qe3 e5 20. Bh6 Rfe8 21. Bxg7 Kxg7 22. Rxa8 Qxa8 23. Rd1 Nf6 24. dxe5 dxe5 25.
Rd6 Qxe4 26. Qxe4 Nxe4 27. Rd5 f6 28. Rxb5 Re7 29. Rd5 Ra7 30. Kf1 h5 31. Nd2 Nxd2+ 32. Rxd2 Ra1+ 33. Ke2 Rb1 34. Rd7+ Kh6 35. Rc7 Rxb2+ 36.
Ke3 h4 37. Rxc4 g5 38. Rc6 Kg6 39. Kf3 Kf5 40. Ke3 Rc2 41. Kf3 Rc1 42. Ke2 Rg1 43.
Kf3 e4+ 44. Ke3 Rxg2 45. c4 Rh2 46. Rc5+ Kg6 47. Kxe4 Rxh3 48. Rc8 Rc3 49. c5 Rc2 50. c6 Kg7 51. Kd3 Rc1 52. Kd2 Rc5 53. Ke3 h3 54.
Kf3 Rc3+ 55. Kg4 h2 0-1

[Event "*** Titled Tuesday Blitz"]
[Site "Chess.com"]
[Date "2020.10.20"]
[Round "7"]
[White "ViktoriyaTarasova"]
[Black "JoliyRoger"]
[Result "1-0"]
[WhiteElo "2270"]
[BlackElo "2430"]
[TimeControl "180+1"]
[EndTime "11:20:11 PDT"]
[Termination "ViktoriyaTarasova won on time"]

1. d4 Nf6 2. c4 e6 3. Nc3 Bb4 4. Nf3 c5 5. g3 cxd4 6. Nxd4 Nc6 7. Bg2 Qb6 8. Nb5 O-O 9. O-O Ne5 10. Qb3 Bxc3 11.
Qxc3 Nc6 12. e4 a6 13. Be3 Qd8 14. Nd6 Ne8 15. e5 Nxd6 16. exd6 f6 17. c5 Qe8 18. b4 Qg6 19. a4 Ne5 20. h3 h6 21. b5 axb5 22. axb5 Rxa1 23. Rxa1 h5 24. Bd4 h4 25.
Bxe5 fxe5 26. Qxe5 hxg3 27. fxg3 Qc2 28. Rf1 Rxf1+ 29.
Bxf1 Qc1 30. h4 Qb1 31. Qg5 Kh7 32. Qh5+ Kg8 33. Qe8+ Kh7 34. Qxc8 Qe4 35. Qd8 Qe3+ 36. Kh2 Qxc5 37. Qxd7 Qf2+ 38. Bg2 e5 39. Qxb7 1-0

[Event "*** Titled Tuesday Blitz"]
[Site "Chess.com"]
[Date "2020.10.20"]
[Round "7"]
[White "Morshynska"]
[Black "AurumO"]
[Result "0-1"]
[WhiteElo "2227"]
[BlackElo "1978"]
[TimeControl "180+1"]
[EndTime "11:20:11 PDT"]
[Termination "AurumO won on time"]

1. Nf3 d5 2. g3 Nf6 3. Bg2 c5 4. O-O Nc6 5. d4 e6 6. c4 Be7 7.
Nc3 O-O 8. cxd5 exd5 9. Bg5 Be6 10. Rc1 h6 11. Bxf6 Bxf6 12. dxc5 d4 13. Na4 Bd5 14.
b3 Re8 15. Re1 Qe7 16. Nd2 Bxg2 17. Kxg2 Rad8 18. a3 a5 19. Nb6 h5 20. h4 d3 21.
exd3 Qxe1 22. Qxe1 Rxe1 23. Rxe1 Rxd3 24. Re2 Bd4 25.
Na4 g6 26. Kf1 Kg7 27. Ke1 Bc3 28. Nxc3 Rxc3 29. Re8 Rxc5 30. Rc8 Rc1+ 31. Ke2 Nd4+ 32. Kd3 Rxc8 33. Kxd4 Rd8+ 34. Kc3 b5 35. a4 b4+ 36. Kc2 Rc8+ 37. Kd3 Rc3+ 38. Kd4 f6 39. f3 g5 40.
hxg5 fxg5 41. Ne4 Rxb3 42. Nxg5 Ra3 43. Ne6+ Kh6 44. Nc5 Rxf3 45. Nb7 b3 0-1

[Event "*** Titled Tuesday Blitz"]
[Site "Chess.com"]
[Date "2020.10.20"]
[Round "7"]
[White "witcher8"]
[Black "Fortitudine"]
[Result "1-0"]
[WhiteElo "2427"]
[BlackElo "2288"]
[TimeControl "180+1"]
[EndTime "11:20:12 PDT"]
[Termination "witcher8 won by resignation"]

1. e4 c5 2. Nc3 d6 3. f4 e6 4. Nf3 a6 5. a4 Nc6 6. Bc4 Nf6 7. d3 Be7 8. O-O d5 9. Ba2 dxe4 10. dxe4 Qxd1 11.
Rxd1 Nb4 12. Bb3 Bd7 13. e5 Ng4 14. h3 Nh6 15. g4 Bc6 16. Kf2 O-O 17. Be3 Rfd8 18.
a5 c4 19. Bxc4 Nxc2 20. Rac1 Nxe3 21. Kxe3 Bc5+ 22. Ke2 Bb4 23. Ng5 Bxa5 24. Nce4 Rxd1 25. Rxd1 Rd8 26. Nd6 Bc7 27. Ke3 Bxd6 28. exd6 Bd7 29. Kd4 g6 30. Bb3 Rc8 31. Ne4 Kg7 32. Rd2 Ng8 33. g5 h6 34. h4 f6 35. Rc2 Rxc2 36. Bxc2 e5+ 37. fxe5 fxe5+ 38. Kxe5 hxg5 39. hxg5 Bc6 40. Nc5 Kf8 41. Bxg6 Kg7 42. Bh5 1-0

[Event "*** Titled Tuesday Blitz"]
[Site "Chess.com"]
[Date "2020.10.20"]
[Round "7"]
[White "Chamal_Gedgafov"]
[Black "ambaixador"]
[Result "0-1"]
[WhiteElo "2162"]
[BlackElo "2311"]
[TimeControl "180+1"]
[EndTime "11:20:12 PDT"]
[Termination "ambaixador won on time"]

1. d4 d5 2. c4 e6 3. Nc3 Nf6 4. cxd5 exd5 5. Bg5 c6 6. e3 h6 7. Bh4 Be7 8. Bd3 O-O 9. Qc2 Nbd7 10. Nf3 Re8 11. O-O Ne4 12. Bg3 Ndf6 13. Ne5 Nxg3 14. hxg3 Bd6 15. f4 Qe7 16. Rae1 c5 17. Be2 Bd7 18.
Bf3 Bc6 19. a3 Rac8 20. Rc1 Red8 21. Qf5 Qe6 22. Qd3 Nd7 23. Rfd1 Nb6 24. Bg4 Qe8 25. Bxc8 Rxc8 26. Nxc6 bxc6 27. Re1 Nc4 28. b3 Nxa3 29. e4 cxd4 30. Qxd4 Qf8 31. Qd3 d4 32. Na4 Nb5 33. Rc4 Bb4 34. Rec1 Bc3 35. Nxc3 dxc3 36. Qe3 Qa3 0-1

[Event "*** Titled Tuesday Blitz"]
[Site "Chess.com"]
[Date "2020.10.20"]
[Round "7"]
[White "Smirnov_Pavel"]
[Black "kleinebeer98"]
[Result "1-0"]
[WhiteElo "2866"]
[BlackElo "2622"]
[TimeControl "180+1"]
[EndTime "11:20:13 PDT"]
[Termination "Smirnov_Pavel won on time"]

1. d4 h6 2. e4 g5 3. Nc3 Bg7 4.
g3 c5 5. dxc5 Nc6 6. h4 gxh4 7.
Rxh4 Qa5 8. Bd2 Qxc5 9. Nf3 Nf6 10. Bd3 d6 11. Qe2 Bg4 12. Rxg4 Nxg4 13. Nd5 Nce5 14. Nxe5 Nxe5 15. Bb5+ Kf8 16. Be3 Nf3+ 17. Kf1 Nd4 18.
Bxd4 Qxd4 19. c3 Qc5 20. Rd1 h5 21. Nf4 h4 22. Rd5 Qc8 23. Rf5 Bf6 24. Nh5 hxg3 25. fxg3 Qd8 26. Qf3 Rh6 27. g4 Rg6 28.
Nf4 Rh6 29. g5 Rh8 30. gxf6 exf6 31. Nd5 Rh6 32. Nxf6 Qe7 33. Bc4 Rc8 34. Ng4 Rh7 35.
Bd5 Rg7 36. Nh6 Rc7 37. Ke2 Ke8 38. Kd3 Qd7 39. c4 Kd8 40. Nxf7+ Kc8 41. Ng5 1-0